 Dungeon Crawl Stone Soup version 0.25-a0-890-g62861fb195 (webtiles) character file.

Game seed: 3695941734339540700, levelgen mode: deterministic

186 Error4North the Skirmisher (level 5, -11/47 HPs)
             Began as a Hill Orc Fighter on May 2, 2020.
             Mangled by a small abomination (16 damage)
             ... on level 1 of the Abyss.
             The game lasted 00:03:47 (1485 turns).

Error4North the Skirmisher (Hill Orc Fighter)       Turns: 1485, Time: 00:03:47

Health: -11/47     AC:  8    Str: 20    XL:     5   Next: 66%
Magic:  5/5        EV:  7    Int:  8    God:
Gold:   118        SH:  9    Dex: 10    Spells: 4/4 levels left

rFire    . . .     SeeInvis .   a - +0 war axe
rCold    . . .     Gourm    .   c - +0 kite shield
rNeg     . . .     Faith    .   b - +0 scale mail
rPois    .         Spirit   .   (no helmet)
rElec    .         Reflect  .   (no cloak)
rCorr    .         Harm     .   (no gloves)
MR       .....                  p - +0 pair of boots (curse)
Stlth    ..........             (no amulet)
HPRegen  0.15/turn              (no ring)
MPRegen  0.09/turn              (no ring)

@: no status effects
A: no striking features
a: no special abilities


You were on level 1 of the Abyss.
You were not hungry.

You visited 1 branch of the dungeon, and saw 3 of its levels.
You visited the Abyss 1 time.

You collected 118 gold pieces.

Inventory:

Hand Weapons
 a - a +0 war axe (weapon)
Armour
 b - a +0 scale mail (worn)
 c - a +0 kite shield (worn)
 p - a cursed +0 pair of boots (worn)
 s - a +0 chain mail
Scrolls
 e - 3 scrolls of identify {unknown}
 g - 2 scrolls of amnesia {unknown}
 i - 2 scrolls of fear {unknown}
 k - 2 scrolls of remove curse {unknown}
 n - 2 scrolls of enchant armour {unknown}
 q - a scroll of fog {unknown}
Potions
 d - 3 potions of might
 h - a potion of resistance {unknown}
 j - a potion of brilliance {unknown}
 l - a potion of curing {unknown}
 m - a potion of mutation {unknown}
 o - a potion of heal wounds {unknown}
Comestibles
 f - 5 rations
 r - a chunk of flesh


   Skills:
 * Level 4.5 Fighting
 + Level 4.4 Axes
 * Level 4.4 Armour
 + Level 0.9 Dodging
 * Level 4.2 Shields


You had 4 spell levels left.
You didn't know any spells.
Your spell library was empty.

Dungeon Overview and Level Annotations

Branches:
Dungeon (3/15)

Altars:
Cheibriados
Nemelex Xobeh
Okawaru
Vehumet


Message History

To return, you must find a gate leading back.
Killing monsters will force the Abyss to allow you passage.
This branch contains the abyssal rune of Zot.
Found a chain mail and 27 bolts.
Found a scimitar.
Found a ration.
You see here a chain mail.
s - a chain mail
Found a halberd.
You see here a ration.
f - 5 rations (gained 1)
You block the small abomination's attack.
You closely miss the small abomination. The small abomination hits you!
* * * LOW HITPOINT WARNING * * *
You closely miss the small abomination. The small abomination hits you!
* * * LOW HITPOINT WARNING * * *
You hit the small abomination but do no damage.
The small abomination barely misses you.
The small abomination hits you!
You die...

.# #.#.. ##..
.#....#
...........#
...#.#.#.#. #
....(....##
#.##..#.#...#
..#.#.......## #.
#.........#
#.##.##.@#...#.
.# ..#x#.#...# #.
......... . #
........)#....
##......##......#
#.#...##(#......#
#.....# #........
#...#.. ..#..#
###... . .#).#


You could see a small abomination.

Vanquished Creatures
  An ice beast (D:2)
  4 adders
  An ooze (D:1)
  A dart slug (D:2)
  2 leopard geckos (D:1)
  2 ball pythons
  2 bats (D:2)
  A giant cockroach (D:3)
  12 goblins
  8 hobgoblins
  8 kobolds
  3 rats (D:1)
45 creatures vanquished.

Notes
Turn   | Place    | Note
-------+----------+-------------------------------------------
     0 | D:1      | Error4North the Hill Orc Fighter began the quest for the
                  | Orb.
     0 | D:1      | Reached XP level 1. HP: 19/19 MP: 1/1
   125 | D:1      | Reached XP level 2. HP: 23/27 MP: 2/2
   510 | D:1      | Reached XP level 3. HP: 27/33 MP: 3/3
   801 | D:2      | Noticed an ice beast
   807 | D:2      | Killed an ice beast
   807 | D:2      | Reached XP level 4. HP: 40/41 MP: 4/4
   807 | D:2      | Reached XP level 5. HP: 46/47 MP: 5/5
   941 | D:2      | Found a snail-covered altar of Cheibriados.
   942 | D:2      | Found a radiant altar of Vehumet.
   942 | D:2      | Found an iron altar of Okawaru.
   957 | D:2      | Found a sparkling altar of Nemelex Xobeh.
  1121 | D:2      | Found a sparkling altar of Nemelex Xobeh.
  1470 | D:3      | Cast into level 1 of the Abyss (kobold)
  1485 | Abyss:1  | Mangled by a small abomination

Levels and vault maps discovered:
D:1:      saegor_arrival_simple_e, layout_loops_ring, serial_glass,
          glass_columns_b, glass_columns_a, feat_on_display, item_on_display_a
D:2:      layout_loops_ring, minitemple, grunt_ministairs_5,
          nemelex_diamond_rough_becter
D:3:      layout_loops_cross
Abyss:1:  base: D:1, guppyfry_abyss_exit_imp_island

Skill      XL: |  1  2  3 |
---------------+----------+-----
Axes           | 3 4 |  4.4
Fighting       | 4 |  4.5
Armour         | 4 |  4.4
Shields        | 4 |  4.2
Dodging        | |  0.9

Action                   |  1- 3 |  4- 6 || total
-------------------------+-------+-------++-------
Melee: War axe           |    90 |    59 ||   149
  Eat: Chunk             |       |     2 ||     2
Armor: Scale mail        |    22 |    29 ||    51
Dodge: Dodged            |    22 |    22 ||    44
Block: Kite shield       |    44 |    48 ||    92

Table legend:
 A = Non-vault XP
 B = Vault XP
 C = Vault XP percentage of total XP
 D = Non-vault monster count
 E = Vault monster count
 F = Vault count percentage of total count
                 A         B        C        D         E       F
            +---------+---------+-------+---------+---------+-------
      Total |     251 |      16 |   6.0 |      43 |       2 |   4.4
            +---------+---------+-------+---------+---------+-------
        D:1 |      36 |       0 |   0.0 |      17 |       0 |   0.0
        D:2 |     190 |      16 |   7.8 |      19 |       2 |   9.5
        D:3 |      25 |       0 |   0.0 |       7 |       0 |   0.0
            +---------+---------+-------+---------+---------+-------
